 Dungeon Crawl Stone Soup version 0.31.0-11-ge490571c62 (webtiles) character file.

Game seed: 7953505791057060857

60 PaiMei the Grave Robber (level 3, -1/24 HPs)
             Began as a Demonspawn Necromancer on Jan 31, 2024.
             Slain by a ribbon worm (3 damage)
             ... on level 2 of the Dungeon.
             The game lasted 00:02:20 (2163 turns).

PaiMei the Grave Robber (Demonspawn Necromancer)    Turns: 2163, Time: 00:02:21

Health: -1/24      AC:  2    Str:  8    XL:     3   Next: 82%
Magic:  0/6        EV:  6    Int: 17    God:
Gold:   47         SH:  0    Dex: 13    Spells: 6/7 levels left

rFire   . . .        g - +0 hand axe
rCold   . . .        (no shield)
rNeg    . . .        a - +0 robe
rPois   +            (no helmet)
rElec   .            l - scarf {repulsion}
rCorr   .            (no gloves)
SInv    .            (no boots)
Will    .....        (no amulet)
Stlth   ++           e - ring of poison resistance
HPRegen 0.24/turn    (no ring)
MPRegen 0.10/turn

%: repel missiles
@: held
A: hooves 1, sturdy frame 1
a: no special abilities


You were on level 2 of the Dungeon.
You visited 1 branch of the dungeon, and saw 2 of its levels.

You collected 80 gold pieces.
You spent 33 gold pieces at shops.

Inventory:

Hand Weapons
 f - a +0 dagger
 g - a +0 hand axe (weapon)
Missiles
 h - 6 poisoned darts (quivered)
Armour
 a - a +0 robe (worn)
 l - a scarf of repulsion (worn)
Jewellery
 e - a ring of poison resistance (left hand)
Scrolls
 d - 3 scrolls of immolation {unknown}
 j - a scroll of identify {unknown}
Potions
 b - a potion of magic
 c - a potion of attraction {unknown}
 i - a potion of curing
 k - 3 potions of degeneration {unknown}
 m - a potion of lignification {unknown}


   Skills:
 + Level 2.3 Dodging
 + Level 2.5 Stealth
 + Level 2.6 Spellcasting
 + Level 4.8 Necromancy


You had 6 spell levels left.
You knew the following spells:

 Your Spells              Type           Power      Damage    Failure   Level
a - Necrotise             Necr           72%        1d7       2%          1

Your spell library contained the following spells:

 Spells                   Type           Power      Damage    Failure   Level
 Vampiric Draining        Necr           18%        2d7       8%          3
 Sandblast                Erth           4%         2d4       19%         1
 Animate Dead             Necr           18%        N/A       24%         4
 Passwall                 Erth           2%         N/A       50%         3
 Stone Arrow              Conj/Erth      4%         3d7       50%         3
 Curse of Agony           Necr           18%        N/A       56%         5
 Brom's Barrelling Bould  Conj/Erth      2%         2d3       88%         4


Dungeon Overview and Level Annotations

Branches:
Dungeon (2/15)

Altars:

Shops:
D:1 !


Innate Abilities, Weirdness & Mutations

You have large cloven feet.
Your movements are slightly less encumbered by armour. (ER -2)


Message History

Casting: Necrotise (safe; 2% risk of failure)
Confirm with . or Enter, or press ? or * to list all spells.
Aiming: Necrotise (safe; 2% risk of failure)
Press: ? - help, Shift-Dir - straight line, f/p - ribbon worm
Aim: a ribbon worm (heavily wounded, chance to affect: 83%)
The ribbon worm barely resists.
The ribbon worm bites you.
Your magical contamination has completely faded away.
Casting: Necrotise (safe; 2% risk of failure)
Confirm with . or Enter, or press ? or * to list all spells.
You don't have enough magic to cast this spell.
Casting: Necrotise (safe; 2% risk of failure)
Confirm with . or Enter, or press ? or * to list all spells.
You don't have enough magic to cast this spell.
Casting: Necrotise (safe; 2% risk of failure)
Confirm with . or Enter, or press ? or * to list all spells.
You don't have enough magic to cast this spell.
Casting: Necrotise (safe; 2% risk of failure)
Confirm with . or Enter, or press ? or * to list all spells.
You don't have enough magic to cast this spell.
You hit the ribbon worm but do no damage.
The ribbon worm is heavily wounded.
The ribbon worm bites you! The kobold hits you with a +3 dagger.
You hit the ribbon worm.
The ribbon worm is heavily wounded.
You hit the kobold but do no damage.
The ribbon worm expels a string of sticky webbing.
The stream of webbing hits you but does no damage.
You are caught in a web!
The kobold hits you with a +3 dagger.
You struggle to detach yourself from the web.
The kobold hits you with a +3 dagger.
* * * LOW HITPOINT WARNING * * *
The ribbon worm bites you.
* * * LOW HITPOINT WARNING * * *
Casting: Necrotise (safe; 2% risk of failure)
Confirm with . or Enter, or press ? or * to list all spells.
Aiming: Necrotise (safe; 2% risk of failure)
Press: ? - help, Shift-Dir - straight line, f/p - ribbon worm
Aim: a ribbon worm (heavily wounded, catching its breath, chance to affect: 83%)
The ribbon worm barely resists.
The ribbon worm bites you.
You die...

..^. . #.............$.#
#...............#
#...............# #
#...............####
#................... .
#..................
.>..###.....#..........#
......w@.............#..
...#.#KK!######.........
#...#####...)..######
#..##.....>.....##
##.....###........#### ###
......................
.......##...##............
..#...##....................
#........####..#.........##.


You could see a ribbon worm (catching breath) and 2 kobolds.

Vanquished Creatures
  2 adders (D:2)
  A ribbon worm (D:2)
  A dart slug (D:1)
  4 bats
  2 endoplasms
  2 giant cockroaches (D:1)
  2 goblins (D:1)
  2 hobgoblins (D:1)
  3 quokkas
  6 ball pythons
  A frilled lizard (D:1)
  4 kobolds
  4 rats
34 creatures vanquished.

Vanquished Creatures (collateral kills)
  A ball python (D:2)
  A goblin (D:2)
2 creatures vanquished.

Grand Total: 36 creatures vanquished

Notes
Turn   | Place    | Note
-------+----------+-------------------------------------------
     0 | D:1      | PaiMei the Demonspawn Necromancer began the quest for the
                  | Orb.
     0 | D:1      | Reached XP level 1. HP: 13/13 MP: 3/3
   828 | D:1      | Gained mutation: Your movements are slightly less
                  | encumbered by armour. (ER -2) [demonic ancestry]
   828 | D:1      | Reached XP level 2. HP: 8/19 MP: 0/5
  1113 | D:1      | Found Nikuagarghidgh's Distillery.
  1116 | D:1      | Bought a potion of curing for 33 gold pieces
  1752 | D:2      | Gained mutation: You have large cloven feet. [demonic
                  | ancestry]
  1752 | D:2      | Reached XP level 3. HP: 18/24 MP: 0/6
  1964 | D:2      | Identified the +1 whip of the Blind Eye {freeze, rN+ Str-2
                  | Int+3 Dex+8}
  2163 | D:2      | Slain by a ribbon worm

Illustrated notes

Levels and vault maps discovered:
D:1:      sevenhm_arrival_forest_fort_large_3, layout_basic, serial_shops,
          nicolae_shop_real_fake_doors, minmay_tripent
D:2:      layout_rooms, minmay_quantized

Skill      XL: |  1 |
---------------+----+-----
Stealth        | 2 |  2.5
Dodging        | 2 |  2.3
Spellcasting   | |  2.6
Necromancy     | |  4.8

Action                     || total
---------------------------++-------
  Melee: Dagger            ||     4
         Unarmed           ||     3
         Hand axe          ||    17
         Kick              ||     2
         Punch             ||     1
   Cast: Necrotise         ||    68
 Armour: Robe              ||    33
  Dodge: Dodged            ||    21
